 Dungeon Crawl Stone Soup version 0.30-a0-222-ge547ba4400 (webtiles) character file.

Game seed: 13812835320309703185

102771 brightshaft the Bludgeoner (level 15, -4/93 (139) HPs)
             Began as a Minotaur Fighter on Oct 8, 2022.
             Was a High Priest of Ru.
             Killed by divine providence
             ... invoked by an orc high priest
              (13 damage)
             ... on level 2 of the Orcish Mines on Oct 12, 2022.
             The game lasted 01:02:41 (26840 turns).

brightshaft the Bludgeoner (Minotaur Fighter)      Turns: 26840, Time: 01:02:42

HP:   -4/93 (139)   AC: 29    Str: 32    XL:     15   Next: 87%
MP:   14/14         EV: 10    Int:  5    God:    Ru [*****.]
Gold: 2028          SH: 22    Dex: 12    Spells: 14/14 levels left

rFire   . . .      SeeInvis .    b - +3 broad axe
rCold   + + .      Faith    .    c - +1 tower shield {rC+}
rNeg    . . .      Spirit   .    P - +8 plate armour {ponderous}
rPois   .          Reflect  +    (helmet restricted)
rElec   +          Harm     .    d - +2 cloak
rCorr   .          Rampage  .    B - +1 pair of gloves
Will    +....                    f - +1 pair of boots of Protective Custody {rElec rC+}
Stlth   ..........               K - amulet of reflection
HPRegen 0.35/turn                q - +4 ring of evasion
MPRegen 0.14/turn                D - +6 ring of strength

@: exhausted, corroded, studying Maces & Flails, very heavily drained, slow
A: horns 2, hated by all, inability to train dodging, no conjurations magic, no
earth magic, no transmutations magic, unskilled 1, retaliatory headbutt
a: Renounce Religion, Sacrifice Drink, Sacrifice Health, Sacrifice an Eye,
Reject Sacrifices, Draw Out Power, Power Leap, Apocalypse


You were on level 2 of the Orcish Mines.
You worshipped Ru.
Ru was extremely pleased with you.
You visited 3 branches of the dungeon, and saw 22 of its levels.
You visited the Abyss 1 time.
You also visited: Sewer, Ossuary and Gauntlet.

You collected 2110 gold pieces.
You spent 82 gold pieces at shops.

Inventory:

Hand Weapons
 a - a +2 vorpal morningstar
 b - a +3 broad axe (weapon)
 v - a +8 executioner's axe of flaming
Missiles
 h - 13 javelins (quivered)
 u - 2 throwing nets
 y - 20 boomerangs
 F - 49 poisoned darts
 N - 3 atropa-tipped darts
Armour
 c - a +1 tower shield of cold resistance (worn)
 d - a +2 cloak (worn)
 f - the +1 pair of boots of Protective Custody (worn) {rElec rC+}
   (You found it in a Gauntlet)

   rC:        It protects you from cold.
   rElec:     It insulates you from electricity.
 B - a +1 pair of gloves (worn)
 P - a +8 plate armour of ponderousness (worn)
Jewellery
 o - a ring of see invisible
 q - a +4 ring of evasion (left hand)
 D - a +6 ring of strength (right hand)
 K - an amulet of reflection (around neck)
 L - a ring of positive energy
 W - an amulet of faith
 Z - a ring of protection from fire
Wands
 G - a wand of roots (22)
 M - a wand of flame (50) {@v2}
 R - a wand of light (4)
 X - a wand of polymorph (5)
 Y - a wand of mindburst (8) {@v3}
Scrolls
 g - 4 scrolls of amnesia
 j - 18 scrolls of identify {@r1}
 n - 10 scrolls of noise
 p - 2 scrolls of blinking
 s - 3 scrolls of vulnerability
 w - 8 scrolls of fear
 H - 3 scrolls of fog
 I - 7 scrolls of teleportation {@r4}
 O - a scroll of magic mapping
 S - 2 scrolls of brand weapon
 V - a scroll of silence
Potions
 k - 5 potions of mutation
 l - 4 potions of attraction
 m - a potion of heal wounds {@q2}
 r - 8 potions of curing {@q1}
 t - 2 potions of lignification
 z - 7 potions of invisibility
 A - 5 potions of might
 C - 2 potions of cancellation
 E - 4 potions of ambrosia
 J - 13 potions of flight
 Q - 3 potions of haste {@q3}
 U - a potion of berserk rage
Miscellaneous
 e - a phial of floods
 i - a tin of tremorstones (2/2)
 T - a condenser vane


   Skills:
 + Level 14.5 Fighting
 * Level 8.1(13.0) Axes
 - Level 16.0(16.7) Maces & Flails
 - Level 8.4 Throwing
 + Level 14.5 Armour
 + Level 11.7 Shields
 + Level 6.0 Evocations


You had 14 spell levels left.
You didn't know any spells.
Your spell library contained the following spells:

 Spells                   Type           Power      Damage    Failure   Level
 Frozen Ramparts          Ice            0%         1d1       100%        3
 Gell's Gravitas          Tloc           0%         N/A       100%        3
 Lesser Beckoning         Tloc           0%         N/A       100%        3
 Teleport Other           Tloc           0%         N/A       100%        3
 Vhi's Electric Charge    Tloc/Air       0%         N/A       100%        3
 Dispersal                Tloc           0%         N/A       100%        6
 Enfeeble                 Hex            0%         N/A       100%        7
 Ignition                 Fire           0%         3d3       100%        8
 Beastly Appendage        Tmut           Unusable   N/A       N/A         1
 Magic Dart               Conj           Unusable   1d3       N/A         1
 Searing Ray              Conj           Unusable   2d4       N/A         2
 Static Discharge         Conj/Air       Unusable   2-2/arc   N/A         2
 Wereblood                Tmut           Unusable   N/A       N/A         2
 Ignite Poison            Fire/Tmut/Pois Unusable   N/A       N/A         3
 Spider Form              Tmut/Pois      Unusable   N/A       N/A         3
 Fulminant Prism          Conj/Hex       Unusable   3d6       N/A         4
 Ice Form                 Ice/Tmut       Unusable   N/A       N/A         4
 Sticky Flame             Conj/Fire      Unusable   2d3       N/A         4
 Summon Ice Beast         Ice/Summ       Unusable   N/A       N/A         4
 Arcjolt                  Conj/Air       Unusable   1d10      N/A         5
 Lightning Bolt           Conj/Air       Unusable   1d11      N/A         5
 Yara's Violent Unravell  Hex/Tmut       Unusable   3d3       N/A         5

Dungeon Overview and Level Annotations

Branches:
Dungeon (15/15)            Temple (0/1) D:5            Lair (5/5) D:9
  Swamp (0/4) Lair:3       Spider (0/4) Lair:2        Slime (0/5) Lair:4
    Orc (2/2) D:11            Elf (0/3) Orc:2        Vaults (0/5) D:14
 Depths (0/4) D:15          Sewer (visited)         Ossuary (visited)
Gauntlet (visited)

Altars:
Dithmenos
Gozag
Kikubaaqudgha
Nemelex Xobeh
Okawaru
Qazlal
Ru
Sif Muna
Trog
Wu Jian

Shops:
D:2 =   D:5 (   D:12 [   D:13 (   Orc:2 ?*


Innate Abilities, Weirdness & Mutations

You have a pair of horns on your head.
You are hated by all.
You cannot train Dodging skill.
You cannot study or cast Conjurations magic.
You cannot study or cast Earth magic.
You cannot study or cast Transmutations magic.
You are somewhat unskilled. (-1 Apt)
You reflexively headbutt those who attack you in melee.


Message History

You block the ice devil's attack.
The ice devil is stunned by your conviction and fails to attack.
You hit the ice devil.
You headbutt the ice devil, but do no damage.
The ice devil is lightly wounded.
The orc high priest calls down the wrath of Beogh upon you.
Beogh smites you!
You focus your inner power and slow the orc high priest in retribution!
The orc high priest begins to pray, but is stunned by your conviction!
The ice devil barely misses you.
The orc high priest begins to pray, but is stunned by your conviction!
You closely miss the ice devil. Your headbutt misses the ice devil.
The ice devil is lightly wounded.
The ice devil hits you. The ice devil freezes you! You resist.
* * * LOW HITPOINT WARNING * * *
You slash the ice devil! You headbutt the ice devil!
The ice devil is severely wounded.
You block the ice devil's attack.
You completely miss the ice devil. You headbutt the ice devil!
The ice devil is almost dead.
You block the ice devil's attack.
The orc high priest invokes the aid of Beogh against you.
Beogh smites you!
* * * LOW HITPOINT WARNING * * *
You focus your inner power and blind the orc high priest in retribution!
You block the ice devil's attack.
You hear a shout! x2
You closely miss the ice devil. You headbutt the ice devil.
The ice devil is almost dead.
The orc high priest begins to pray, but is stunned by your conviction!
You block the ice devil's attack.
The orc high priest mumbles some strange prayers to Beogh against you.
Beogh smites you!
* * * LOW HITPOINT WARNING * * *
You closely miss the ice devil.
The ice devil is severely wounded.
You block the ice devil's attack.
The orc high priest invokes the aid of Beogh against you.
Beogh smites you!
You die...

...........................# #..#
.............#............####...
............###..........###.....
..........######........###......
..........###.###.....### ##.....
.........###...###...## #......
........###.....###...# ###....
....)..###.#...#)###..# #....
......###..)..o4@.##### ####.#.
.....###..[#.#o#...## ##.#....
....###.3)##.oo##)).## #...#...
...###ooo##..#..##...## ##......#
..###§4)##..###..##...###....[..#
.###§#.##..# #..##.#.###.......
###o..## .# #..##...###......
)###.#.## .##.#.###[...#..
..###.3o## ##[..###[.......


You could see 3 orc high priests and an ice devil (summoned).

Vanquished Creatures
  Rupert (D:13)
  A fire giant (D:15)
  Louise (D:15)
  An orc warlord (Orc:2)
  A starflower (Abyss:3)
  A minotaur (Gauntlet)
  4 dire elephants (Lair:5)
  A fire dragon (D:13)
  5 vault guards (D:14)
  The ghost of Cenuekhar the Geomancer, a journeyman MeEE of Cheibriados (Lair:2)
  The ghost of Gesod the Marksminotaur, a journeyman MiHu of Okawaru (Lair:2)
  A ghost crab (Gauntlet)
  Erolcha (D:11)
  6 hydras
  9 centaur warriors
  A catoblepas (Gauntlet)
  5 two-headed ogres
  6 boulder beetles
  A death knight (D:13)
  3 orc high priests (Orc:2)
  A deep troll earth mage (D:13)
  A death yak (Lair:5)
  Nergalle (Lair:2)
  Sonja (D:13)
  A shadow wraith (Abyss:2)
  Lodul (D:14)
  A spectral anaconda (Lair:5)
  An obsidian statue (Lair:5)
  A swamp dragon (shapeshifter) (D:13)
  5 orc knights
  An orange crystal statue (Gauntlet)
  A deep elf archer (D:14)
  3 wizards
  A deep elf pyromancer (D:12)
  A harpy (shapeshifter) (D:13)
  4 necromancers (Lair:5)
  7 ugly things
  5 orc sorcerers
  3 manticores
  8 cyclopes
  Joseph (D:9)
  4 black mambas
  14 elephants (Lair:5)
  A torpor snail (Lair:3)
  A dire elephant zombie (Lair:5)
  Maurice (D:8)
  An orange demon (Orc:2)
  A minotaur zombie (Gauntlet)
  2 dire elephant skeletons (Lair:5)
  3 gargoyles
  2 demonic crawlers (D:15)
  2 unseen horrors
  Maggie (D:8)
  5 cane toads
  An unseen horror (shapeshifter) (D:13)
  5 kobold demonologists (D:10)
  A tengu conjurer (D:14)
  An efreet (D:13)
  7 komodo dragons
  2 ice devils (Orc:2)
  A hellwing (Abyss:2)
  6 meliai (D:15)
  A polar bear (Lair:2)
  2 trolls (D:11)
  5 slime creatures
  21 blink frogs
  11 dream sheep
  2 spectral elephants (Lair:5)
  Sigmund (D:2)
  2 centaur simulacra (D:11)
  A spriggan (Lair:2)
  2 shadows (D:11)
  3 wyverns
  A vampire (D:13)
  A water elemental (D:14)
  6 wraiths
  Grum (D:8)
  A fire bat (shapeshifter) (D:13)
  A human (D:14)
  23 yaks
  A golden eye (shapeshifter) (D:15)
  A redback (shapeshifter) (D:13)
  A steam dragon (D:7)
  3 vampire mosquitoes (D:15)
  A chaos spawn (Orc:2)
  3 wargs (Orc:2)
  A harpy simulacrum (D:14)
  2 swamp worms (Lair:3)
  An acid dragon (D:13)
  13 water moccasins
  A swamp worm (shapeshifter) (D:13)
  36 orc warriors
  2 hornet zombies (Ossuary)
  An elephant zombie (Lair:5)
  3 black bears
  13 ogres
  An ice beast (D:11)
  19 wolves
  An elephant skeleton (Lair:5)
  15 centaurs
  2 phantoms
  6 kobold brigands
  6 bullfrogs
  3 necrophages
  A gnoll sergeant (D:9)
  A scorpion (D:6)
  2 wyvern zombies (Ossuary)
  3 water moccasin zombies (Ossuary)
  2 cane toad simulacra (Lair:5)
  4 wights (D:9)
  37 killer bees
  2 troll zombies (D:11)
  3 elephant simulacra (Lair:5)
  3 electric eels
  8 howler monkeys
  8 bullfrog zombies (Ossuary)
  3 centaur zombies (Ossuary)
  27 orc priests
  4 hounds
  3 jellies
  Crazy Yiuf (D:2)
  A gnoll bouda (D:6)
  5 iguanas
  20 orc wizards
  A killer bee zombie (Ossuary)
  4 ogre zombies (D:11)
  14 mummies (Ossuary)
  A howler monkey zombie (Ossuary)
  17 gnolls
  20 adders
  7 river rats
  A shadow imp (D:5)
  16 white imps
  4 ufetubi
  5 worms
  2 dart slugs
  90 orcs
  14 bats
  8 endoplasms
  8 giant cockroaches
  8 goblins
  7 hobgoblins
  9 jackals
  8 quokkas
  21 ball pythons
  6 frilled lizards
  2 goblin skeletons (D:11)
  A goblin zombie (D:11)
  A hobgoblin zombie (D:11)
  25 kobolds
  2 orc skeletons (D:11)
  13 orc zombies (D:11)
  8 rats
844 creatures vanquished.

Vanquished Creatures (others)
  A hydra (D:15)
  A two-headed ogre (D:11)
  An orc knight (Orc:2)
  A wolf spider (D:13)
  2 komodo dragons
  A meliai (D:13)
  A yak (D:9)
  A centaur (D:13)
  An orc priest (Orc:1)
  3 orcs (Orc:2)
  A ball python (Sewer)
  A frilled lizard (Sewer)
  A kobold (D:10)
  A bush (Lair:2)
  13 fungi
  34 plants
  31 withered plants
95 creatures vanquished.

Grand Total: 939 creatures vanquished

Notes
Turn   | Place    | Note
-------+----------+-------------------------------------------
     0 | D:1      | brightshaft the Minotaur Fighter began the quest for the
                  | Orb.
     0 | D:1      | Reached XP level 1. HP: 19/19 MP: 0/0
    31 | D:1      | Reached skill level 3 in Maces & Flails
    96 | D:1      | Reached XP level 2. HP: 22/26 MP: 1/1
   204 | D:1      | Reached skill level 4 in Maces & Flails
   401 | D:1      | Reached XP level 3. HP: 31/31 MP: 2/2
   674 | D:2      | Noticed Sigmund
   685 | D:2      | Killed Sigmund
   686 | D:2      | Reached skill level 7 in Maces & Flails
   686 | D:2      | Reached XP level 4. HP: 24/39 MP: 3/3
   686 | D:2      | Reached XP level 5. HP: 28/45 MP: 4/4
   813 | D:2      | Found a sacrificial altar of Ru.
   845 | D:2      | Became a worshipper of Ru the Awakened
  1087 | D:2      | Found a faded altar of an unknown god.
  1145 | D:2      | Found Pevalaf's One-of-a-Kind Rings.
  1262 | D:2      | Found a runed translucent door.
  1263 | D:2      | Noticed Crazy Yiuf
  1269 | D:2      | Killed Crazy Yiuf
  1270 | D:2      | Reached XP level 6. HP: 20/51 MP: 5/5
  2144 | D:3      | Gained mutation: You are hated by all. [Ru sacrifice]
  2144 | D:3      | Reached * piety under Ru
  2144 | D:3      | Reached ** piety under Ru
  2453 | D:4      | Reached skill level 8 in Maces & Flails
  3422 | D:4      | Reached XP level 7. HP: 52/58 MP: 6/6
  3641 | D:5      | Entered Level 5 of the Dungeon
  3644 | D:5      | Reached skill level 1 in Dodging
  3726 | D:5      | Reached skill level 9 in Maces & Flails
  3811 | D:5      | Found a staircase to the Ecumenical Temple.
  4128 | D:5      | Gained mutation: You cannot study or cast Earth magic. [Ru
                  | sacrifice]
  4128 | D:5      | Gained mutation: You cannot study or cast Transmutations
                  | magic. [Ru sacrifice]
  4128 | D:5      | Gained mutation: You cannot study or cast Conjurations
                  | magic. [Ru sacrifice]
  4128 | D:5      | Reached *** piety under Ru
  4182 | D:5      | Found a sparkling altar of Nemelex Xobeh.
  4215 | D:5      | Found Rabeusm's Weapon Boutique.
  4608 | D:6      | Reached XP level 8. HP: 67/67 MP: 7/7
  4639 | D:6      | Reached skill level 5 in Fighting
  4639 | D:6      | Reached skill level 5 in Armour
  4639 | D:6      | Reached skill level 5 in Shields
  4704 | D:6      | Reached skill level 10 in Maces & Flails
  4792 | D:6      | Found a glowing drain.
  4800 | Sewer    | Entered a sewer
  5809 | D:6      | Gained mutation: You are somewhat unskilled. (-1 Apt) [Ru
                  | sacrifice]
  5809 | D:6      | Reduced skill Maces & Flails to level 9
  5809 | D:6      | Reached **** piety under Ru
  5901 | D:6      | Found a shimmering blue altar of Sif Muna.
  5901 | D:6      | Found an opulent altar of Gozag.
  6035 | D:6      | Found an ancient bone altar of Kikubaaqudgha.
  6036 | D:6      | Found an ornate altar of the Wu Jian Council.
  6042 | D:6      | Found a bloodstained altar of Trog.
  6042 | D:6      | Found a shadowy altar of Dithmenos.
  6259 | D:7      | Reached skill level 10 in Maces & Flails
  6259 | D:7      | Reached XP level 9. HP: 45/74 MP: 2/8
  7327 | D:8      | You fall into a shaft and drop 2 floors!
  7327 | D:10     | Entered Level 10 of the Dungeon
  7417 | D:8      | Found a sand-covered staircase.
  7424 | Ossuary  | Entered an ossuary
  7527 | Ossuary  | Reached skill level 11 in Maces & Flails
  7578 | Ossuary  | Reached skill level 5 in Dodging
  7815 | D:8      | Reached XP level 10. HP: 38/84 MP: 9/9
  8208 | D:8      | Gained mutation: You cannot train Dodging skill. [Ru
                  | sacrifice]
  8208 | D:8      | Reached ***** piety under Ru
  8289 | D:8      | Noticed Maurice
  8323 | D:8      | Killed Maurice
  8385 | D:8      | Noticed Maggie
  8391 | D:8      | Killed Maggie
  8706 | D:8      | Noticed Grum
  8716 | D:8      | Reached skill level 12 in Maces & Flails
  8720 | D:8      | Killed Grum
  8950 | D:9      | Reached skill level 1 in Throwing
  9152 | D:9      | Noticed Joseph
  9206 | D:9      | Killed Joseph
  9362 | D:9      | Found a staircase to the Lair.
  9754 | Lair:1   | Entered Level 1 of the Lair of Beasts
  9839 | Lair:1   | Reached XP level 11. HP: 82/94 MP: 10/10
  9848 | Lair:1   | Found a gate leading to a gauntlet.
  9856 | Gauntlet | Entered a Gauntlet
  9856 | Gauntlet | Found a transporter.
  9856 | Gauntlet | Found a transporter.
  9883 | Gauntlet | Found a transporter.
  9891 | Gauntlet | Found the ring of the Hare {EV+8}
  9892 | Gauntlet | Noticed an oklob plant
  9897 | Gauntlet | Found a large runed translucent door.
  9898 | Gauntlet | Found a large runed translucent door.
  9899 | Gauntlet | Found a large runed translucent door.
  9899 | Gauntlet | Found a large runed translucent door.
  9899 | Gauntlet | Found a large runed translucent door.
  9899 | Gauntlet | Found a large runed translucent door.
  9899 | Gauntlet | Found a large runed translucent door.
  9899 | Gauntlet | Found a large runed translucent door.
  9900 | Gauntlet | Found a runed translucent door.
  9900 | Gauntlet | Found a runed translucent gate.
  9901 | Gauntlet | Found a transporter.
  9901 | Gauntlet | Found a runed translucent gate.
  9901 | Gauntlet | Found a transporter.
  9901 | Gauntlet | Found a transporter.
  9901 | Gauntlet | Noticed an orange crystal statue
  9903 | Gauntlet | Found a transporter.
  9903 | Gauntlet | Found a transporter.
  9905 | Gauntlet | Noticed a death scarab
  9917 | Gauntlet | Found a transporter.
  9931 | Gauntlet | Noticed a death scarab
  9933 | Gauntlet | Found a transporter.
  9940 | Gauntlet | Noticed a ghost crab
  9942 | Gauntlet | Found a runed translucent door.
  9943 | Gauntlet | Found a transporter.
  9944 | Gauntlet | Found a runed translucent door.
  9957 | Gauntlet | Found a transporter.
  9969 | Gauntlet | Found a large runed translucent door.
  9970 | Gauntlet | Found a large runed translucent door.
  9971 | Gauntlet | Found a large runed translucent door.
  9971 | Gauntlet | Found a large runed translucent door.
  9971 | Gauntlet | Found a large runed translucent door.
  9971 | Gauntlet | Found a large runed translucent door.
  9972 | Gauntlet | Found a runed translucent gate.
  9972 | Gauntlet | Found a large runed translucent door.
  9972 | Gauntlet | Found a runed translucent door.
  9972 | Gauntlet | Found a large runed translucent door.
  9978 | Gauntlet | Found a transporter.
  9988 | Gauntlet | Noticed a catoblepas
  9990 | Gauntlet | Found a transporter.
 10035 | Gauntlet | Killed a catoblepas
 10040 | Gauntlet | Reached skill level 13 in Maces & Flails
 10100 | Gauntlet | Noticed a necromancer
 10113 | Gauntlet | Killed an orange crystal statue
 10334 | Gauntlet | Killed a ghost crab
 10341 | Gauntlet | Identified the +1 pair of boots of Protective Custody
                  | {rElec rC+}
 10386 | Gauntlet | Noticed a minotaur
 10417 | Gauntlet | Killed a minotaur
 10953 | Lair:1   | Reached skill level 14 in Maces & Flails
 11635 | Lair:2   | Noticed Nergalle
 11645 | Lair:2   | Killed Nergalle
 11721 | Lair:2   | Noticed a five-headed hydra
 11733 | Lair:2   | Killed a five-headed hydra
 11734 | Lair:2   | Reached XP level 12. HP: 98/104 MP: 11/11
 12086 | Lair:2   | Found a runed translucent gate.
 12086 | Lair:2   | Found a runed translucent gate.
 12086 | Lair:2   | Found a runed translucent gate.
 12090 | Lair:2   | Noticed Gesod's ghost (journeyman MiHu)
 12090 | Lair:2   | Noticed Cenuekhar's ghost (journeyman MeEE)
 12118 | Lair:2   | Found a hole to the Spider Nest.
 12447 | Lair:2   | Reached skill level 5 in Throwing
 12452 | Lair:2   | Noticed a seven-headed hydra
 12456 | Lair:2   | Killed a seven-headed hydra
 12588 | Lair:2   | Noticed a five-headed hydra
 12593 | Lair:2   | Killed a five-headed hydra
 12944 | Lair:2   | Killed Gesod's ghost
 12949 | Lair:2   | Killed Cenuekhar's ghost
 12950 | Lair:2   | Reached skill level 15 in Maces & Flails
 13078 | Lair:3   | Reached skill level 10 in Fighting
 13078 | Lair:3   | Reached skill level 10 in Armour
 13495 | Lair:3   | Found a staircase to the Swamp.
 14054 | Lair:4   | Reached skill level 16 in Maces & Flails
 14084 | Lair:3   | Reached XP level 13. HP: 36/103 MP: 4/12
 14418 | Lair:4   | Found a staircase to the Slime Pits.
 15072 | Lair:5   | Entered Level 5 of the Lair of Beasts
 15789 | Lair:5   | Noticed a dire elephant
 15789 | Lair:5   | Noticed a dire elephant
 15789 | Lair:5   | Noticed a dire elephant
 15790 | Lair:5   | Noticed a dire elephant
 15859 | Lair:5   | Reached skill level 10 in Shields
 15929 | Lair:5   | Killed a dire elephant
 15934 | Lair:5   | Killed a dire elephant
 15938 | Lair:5   | Killed a dire elephant
 15947 | Lair:5   | Killed a dire elephant
 16978 | D:10     | Found a stormy altar of Qazlal.
 17463 | D:11     | Reached XP level 14. HP: 125/125 MP: 13/13
 17894 | D:11     | Found a staircase to the Orcish Mines.
 18501 | D:11     | Noticed Erolcha
 18519 | D:11     | Killed Erolcha
 18868 | D:12     | Reached skill level 1 in Evocations
 18936 | D:12     | Found Zaur's Antique Armour Shop.
 19381 | D:13     | Found Roasi's Antique Weapon Shop.
 19673 | D:13     | Noticed Rupert
 19674 | D:13     | Paralysed by Rupert for 4 turns
 19692 | D:13     | Killed Rupert
 19699 | D:13     | Noticed Sonja
 19705 | D:13     | Killed Sonja
 20033 | D:13     | Reached skill level 1 in Axes
 21350 | D:13     | Found an iron altar of Okawaru.
 21540 | D:14     | Noticed Lodul
 21549 | D:14     | Reached skill level 5 in Axes
 21566 | D:14     | Killed Lodul
 21736 | D:14     | Reached XP level 15. HP: 109/136 MP: 14/14
 22402 | Abyss:2  | Found a corrupted altar of Lugonu.
 22402 | Abyss:2  | Cast into level 2 of the Abyss (a wizard)
 22513 | D:14     | Escaped the Abyss
 22848 | D:14     | Found a gate to the Vaults.
 23004 | D:15     | Entered Level 15 of the Dungeon
 23344 | D:15     | Found a staircase to the Depths.
 23345 | D:15     | Noticed a fire giant
 23423 | D:15     | Found an ornate altar of the Wu Jian Council.
 23718 | D:15     | Reached skill level 5 in Evocations
 23756 | D:15     | Noticed Louise
 23787 | D:15     | Killed Louise
 24120 | D:15     | Killed a fire giant
 24603 | Orc:1    | Entered Level 1 of the Orcish Mines
 25075 | Orc:2    | Entered Level 2 of the Orcish Mines
 25315 | Orc:2    | Found Vinnoematy's General Store.
 25390 | Orc:2    | Found Demafani's Magic Scroll Shoppe.
 25405 | Orc:2    | Bought a scroll of enchant weapon for 82 gold pieces
 26415 | Orc:2    | Found a staircase to the Elven Halls.
 26840 | Orc:2    | Killed from afar by an orc high priest

Illustrated notes

Levels and vault maps discovered:
D:1:      reono_arrival_mine, layout_rooms, ebering_dispersal_statue_hall,
          minivault_11
D:2:      layout_loops_ring, shapermc_ecumenical_altar_mp_urbaneastern,
          basic_altar, nicolae_shop_unique_rings, minmay_cut_off,
          uniq_crazy_yiuf_cottage, uniq_sigmund
D:3:      layout_loops_corners, minmay_starry_boxes
D:4:      cheibrodos_thug_alley, layout_loops_corners
D:5:      minmay_thinvault, layout_gridville, lemuel_doored_altar,
          minmay_temple_entry_overgrown, serial_shops,
          nicolae_shop_bloodbath_and_beyond
D:6:      layout_cave_pools, chequers_temple_overflow_statue_of_worship,
          minmay_overflow_temple_hex, lightli_sewer_entry_pipes
D:7:      layout_basic
D:8:      layout_loops_corners, enter_ossuary_2, uniq_grum, uniq_maggie,
          uniq_maurice
D:9:      layout_rooms, dpeg_oklobed_lair, grunt_ministairs_8, uniq_joseph
D:10:     layout_roguey, mainiacjoe_overflow_tiny_flanked
D:11:     layout_basic, zombieorc1_lemuel, serial_ice, serial_ice_a,
          serial_ice_o, serial_ice_h, serial_ice_n, serial_ice_l, serial_ice_d,
          portal_ice_cave_entry_imps, kennysheep_generic_room_14, uniq_erolcha
D:12:     layout_small_grid, serial_shops, nicolae_shop_advertising_works
          [nicolae_subvault_shop_adworks]
D:13:     evilmike_diamond_1, layout_irregular_city, serial_shops, shop,
          minivault_21, serial_park_tiny_1, okawaru_altar_gauntlet_db,
          uniq_sonja, uniq_rupert
D:14:     layout_basic, grunt_vaults_entry_fortified, uniq_lodul
D:15:     grunt_enter_depths_giant_problem, layout_basic,
          nicolae_wu_jian_wuxing_cycle, einodemon_crawler_minivault, uniq_louise
Lair:1:   layout_chaotic_city, gauntlet_entry_generic,
          dreamdust_deal_with_the_devil, serial_bayou_pond_b, grunt_megastairs_5
Lair:2:   cheibrodos_lair_river_kwai, layout_chaotic_city, dummy_spider_entry,
          gammafunk_ghost_cemetery, chequers_serial_rivers_large_a,
          grunt_forest_large_clearing_hut, uniq_nergalle
Lair:3:   layout_gridlike, nicolae_swamp_entry_splash_gauntlet
Lair:4:   wad_woods_minihive, layout_misc_corridors, slime_entry_1
Lair:5:   due_jungle_book, layout_loops_ring
Orc:1:    layout_caves
Orc:2:    pf_orc_diabolical, layout_diamond_mine, minmay_orc_barracks

Skill      XL: |  1  2  3  4  5  6  7  8  9 10 11 12 13 14 15 |
---------------+----------------------------------------------+-----
Maces & Flails | 3 4 7 8 9 10 11 12 14 16 | 16.0
Shields        | 4 5 6 8 9 11 | 11.7
Dodging        | 2 3 5 0 |  0.0
Fighting       | 4 5 6 8 9 10 11 13 14 | 14.5
Armour         | 4 5 6 8 9 10 11 13 14 | 14.5
Throwing       | 2 4 6 7 8 |  8.4
Evocations     | 4 6 |  6.0
Axes           | 5 8 |  8.1

Action                   |  1- 3 |  4- 6 |  7- 9 | 10-12 | 13-15 || total
-------------------------+-------+-------+-------+-------+-------++-------
Melee: Flail             |    84 |   162 |   474 |     2 |       ||   722
       Headbutt          |     9 |    17 |    83 |   114 |   264 ||   487
       Morningstar       |       |       |       |   607 |   863 ||  1470
       Executioner's axe |       |       |       |       |   270 ||   270
       Broad axe         |       |       |       |       |    35 ||    35
Throw: Javelin           |     3 |       |       |    18 |    27 ||    48
       Throwing net      |       |     1 |       |     2 |     8 ||    11
Invok: Sacrifice Love    |       |     1 |       |       |       ||     1
       Sacrifice Arcana  |       |       |     1 |       |       ||     1
       Power Leap        |       |       |     1 |     2 |       ||     3
       Sacrifice Skill   |       |       |     1 |       |       ||     1
       Sacrifice Nimblen |       |       |       |     1 |       ||     1
       Draw Out Power    |       |       |       |     2 |     7 ||     9
       Reject Sacrifices |       |       |       |     1 |     1 ||     2
       Apocalypse        |       |       |       |     2 |     7 ||     9
  Use: Potion            |       |     1 |       |     1 |     8 ||    10
       Scroll            |       |       |    16 |     7 |    13 ||    36
 Stab: Distracted        |       |       |     2 |     1 |     6 ||     9
       Invisible         |       |       |     1 |     2 |     4 ||     7
       Paralysed         |       |       |       |     1 |    10 ||    11
       Held in net/web   |       |       |       |       |     1 ||     1
Armor: Scale mail        |    50 |       |       |       |       ||    50
       Chain mail        |       |    14 |       |       |       ||    14
       Plate armour      |       |    64 |   272 |   329 |   665 ||  1330
Dodge: Dodged            |    59 |    50 |   177 |   280 |   480 ||  1046
Block: Buckler           |    13 |    30 |   142 |   369 |   248 ||   802
       Reflection        |       |       |       |     6 |    35 ||    41
       Other             |       |       |       |       |    85 ||    85
       Tower shield      |       |       |       |       |   331 ||   331

Table legend: (Time is in decaauts)
 A = Elapsed time spent in this place.
 B = Non-inter-level travel time spent in this place.
 C = Inter-level travel time spent in this place.
 D = Time resting spent in this place.
 E = Time spent auto-exploring this place.
 F = Levels seen in this place.
 G = Mean time per level.
                   A        B        C        D        E       F      G
               +--------+--------+--------+--------+--------+-----+--------+
         Total |  27786 |  26961 |    825 |      0 |  21506 |  27 | 1029.1 |
       Dungeon |  16785 |  16252 |    533 |      0 |  13112 |  15 | 1119.0 |
          Lair |   6759 |   6480 |    279 |      0 |   5372 |   5 | 1351.8 |
  Orcish Mines |   2342 |   2329 |     13 |      0 |   1762 |   2 | 1171.0 |
         Abyss |    117 |    117 |      0 |      0 |     74 |   2 |   58.5 |
         Sewer |    733 |    733 |      0 |      0 |    544 |   1 |  733.0 |
       Ossuary |    351 |    351 |      0 |      0 |    190 |   1 |  351.0 |
      Gauntlet |    696 |    696 |      0 |      0 |    450 |   1 |  696.0 |
               +--------+--------+--------+--------+--------+-----+--------+

Top non-repeatable levels by time:
    D:13: 2121 daAuts
    D:14: 1875 daAuts
   Orc:2: 1840 daAuts
  Lair:5: 1783 daAuts
  Lair:2: 1520 daAuts
    D:11: 1455 daAuts
     D:8: 1409 daAuts
    D:15: 1360 daAuts
  Lair:1: 1226 daAuts
     D:4: 1218 daAuts
  Lair:3: 1167 daAuts
     D:7: 1164 daAuts
  Lair:4: 1061 daAuts
     D:5: 999 daAuts
     D:2: 994 daAuts
